 Dungeon Crawl Stone Soup version 0.24.0-123-gd5b16e6ec5 (webtiles) character file.

Game seed: 2162506625929547289, levelgen mode: deterministic

786 Johnny the Digger (level 7, -1/50 HPs)
             Began as a Demigod Earth Elementalist on Jan 30, 2020.
             Slain by a river rat (12 damage)
             ... in a sewer.
             The game lasted 00:06:51 (5118 turns).

Johnny the Digger (Demigod Earth Elementalist)      Turns: 5118, Time: 00:06:51

Health: -1/50      AC:  3    Str: 11    XL:     7   Next: 30%
Magic:  27/27      EV: 12    Int: 23    God:
Gold:   113        SH:  0    Dex: 16    Spells: 10/16 levels left

rFire    . . .     SeeInvis .   p - +2 dagger (drain)
rCold    . . .     Gourm    .   (no shield)
rNeg     + . .     Faith    .   c - +0 robe
rPois    .         Spirit   .   t - +0 helmet
rElec    .         Reflect  .   q - scarf {repulsion}
rCorr    .         Harm     +   (no gloves)
MR       .....                  (no boots)
Stlth    ++........             y - amulet of harm
HPRegen  0.16/turn              a - ring of positive energy
MPRegen  0.20/turn              D - ring of magical power

@: about to teleport, repel missiles
A: high mp 1
a: no special abilities


You were in a sewer.
You were not hungry.

You visited 2 branches of the dungeon, and saw 7 of its levels.
You also visited: Sewer.

You collected 441 gold pieces.
You spent 328 gold pieces at shops.

Inventory:

Hand Weapons
 p - a +2 dagger of draining (weapon)
 z - a +2 dagger of venom
Missiles
 b - 21 stones (quivered)
 r - a throwing net
Armour
 c - a +0 robe (worn)
 q - a scarf of repulsion (worn)
 t - a +0 helmet (worn)
Jewellery
 a - a ring of positive energy (left hand)
 y - an amulet of harm (around neck)
 B - an uncursed ring of stealth
 D - a ring of magical power (right hand)
Wands
 v - a wand of polymorph (9)
 w - a wand of paralysis (5)
Scrolls
 e - 7 scrolls of remove curse
 i - a scroll of immolation
 j - a scroll of noise
 k - a scroll of enchant armour {unknown}
 m - 3 scrolls of teleportation
 s - a scroll of magic mapping
 u - a scroll of amnesia {unknown}
 x - 3 scrolls of fog
 C - a scroll of fear {unknown}
Potions
 f - 2 potions of magic
 g - a potion of might
 h - a potion of flight {unknown}
 l - 2 potions of mutation {unknown}
 n - 2 potions of invisibility {unknown}
 o - 2 potions of agility {unknown}
 A - a potion of haste {unknown}
 E - a potion of curing {unknown}
Comestibles
 d - 8 rations


   Skills:
 - Level 1.7 Dodging
 - Level 1.7 Stealth
 + Level 5.3 Spellcasting
 - Level 0.8 Transmutations
 + Level 6.1 Earth Magic


You had 10 spell levels left.
You knew the following spells:

 Your Spells              Type           Power        Failure   Level  Hunger
a - Sandblast             Erth           ####..       1%          1    None
b - Stone Arrow           Conj/Erth      ###...       8%          3    ##.....
c - Passwall              Tmut/Erth      ###.....     3%          2    None

Your spell library contained the following spells:

 Spells                   Type           Power        Failure   Level  Hunger
 Lee's Rapid Deconstruct  Erth           ####......   21%         5    #####..
 Petrify                  Tmut/Erth      ###.....     22%         4    ####...


Dungeon Overview and Level Annotations

Branches:
Dungeon (6/15)             Temple (1/1) D:4           Sewer (1/1)

Shops:
D:4 ***=


Innate Abilities, Weirdness & Mutations

You have an increased reservoir of magic. (+10% MP)


Message History

Aim: a river rat (chance to defeat MR: 54%)
The river rat suddenly stops moving!
The river rat bites you. The river rat misses you.
Unknown command.
Evoke which item? (* to show all) (? for menu, Esc to quit)
Aiming: Paralyse
Press: ? - help, Shift-Dir - straight line, f - river rat, p - river rat
Aim: a river rat (chance to defeat MR: 54%)
The river rat resists with significant effort.
The river rat bites you.
* * * LOW HITPOINT WARNING * * *
The river rat bites you.
* * * LOW HITPOINT WARNING * * *
Unknown command.
Okay, then.
As you read the scroll of teleportation, it crumbles to dust.
You feel strangely unstable. The river rat barely misses you. x2
Unknown command.
The river rat bites you!
You die...

≈≈≈≈≈≈≈≈≈≈≈≈≈≈≈≈≈≈≈≈≈≈
≈≈≈≈≈≈≈≈≈≈≈≈≈≈≈≈≈≈≈≈≈≈≈≈
≈≈≈≈≈≈≈≈≈≈.≈≈≈≈..≈≈≈≈≈≈≈≈≈
≈≈≈≈≈≈≈≈≈.≈.....≈.≈≈≈≈≈≈≈≈
≈≈≈≈.............≈..≈.....
..≈.......................
..........................
........r............##..†
........r@.##.......#####.
#.....r#####..##...#####
##...######..#####..∩#
#### #∩..## ##### #####


You could see 3 river rats.

Vanquished Creatures
  Menkaure (D:4)
  An ogre (D:5)
  A bullfrog (D:6)
  A howler monkey (D:4)
  2 crimson imps
  A jelly (D:6)
  2 orc wizards
  Natasha (D:2)
  3 worker ants
  A hound skeleton (D:4)
  3 adders
  A river rat (Sewer)
  2 adder skeletons
  4 worms
  5 dart slugs
  7 leopard geckos
  20 orcs
  A ball python (D:2)
  4 bats
  8 giant cockroaches
  14 goblins
  12 hobgoblins
  4 jackals
  2 quokkas (D:2)
  9 frilled lizards
  A jackal skeleton (D:4)
  10 kobolds
  A leopard gecko zombie (D:6)
  A quokka skeleton (D:4)
  8 rats
131 creatures vanquished.

Vanquished Creatures (others)
  A scorpion (D:5)
1 creature vanquished.

Grand Total: 132 creatures vanquished

Notes
Turn   | Place    | Note
-------+----------+-------------------------------------------
     0 | D:1      | Johnny the Demigod Earth Elementalist began the quest for
                  | the Orb.
     0 | D:1      | Reached XP level 1. HP: 14/14 MP: 5/5
   178 | D:1      | Reached skill level 3 in Earth Magic
   214 | D:1      | Reached XP level 2. HP: 20/20 MP: 4/7
   923 | D:2      | Reached XP level 3. HP: 26/26 MP: 6/9
  1488 | D:2      | Noticed Natasha
  1495 | D:2      | Killed Natasha
  1495 | D:2      | Reached XP level 4. HP: 15/33 MP: 4/11
  1911 | D:3      | Reached skill level 4 in Earth Magic
  2742 | D:3      | Found a glowing silver altar of Zin.
  2830 | D:3      | Learned a level 3 spell: Stone Arrow
  2833 | D:3      | Learned a level 2 spell: Passwall
  2926 | D:4      | Found a staircase to the Ecumenical Temple.
  2975 | D:4      | Found Coriv's Jewellery Shop.
  2982 | D:4      | Found Gozag's Platinum Reserve.
  2982 | D:4      | Found an opulent altar of Gozag.
  3036 | D:4      | Noticed Menkaure
  3043 | D:4      | Reached XP level 5. HP: 38/38 MP: 11/13
  3054 | D:4      | Killed Menkaure
  3054 | D:4      | Reached skill level 5 in Earth Magic
  3054 | D:4      | Reached XP level 6. HP: 7/45 MP: 1/15
  3348 | D:4      | Found Himnulag's General Store.
  3395 | D:4      | Found Powich's Assorted Antiques.
  3400 | D:4      | Bought a scroll of identify for 48 gold pieces
  4040 | Temple   | Entered the Ecumenical Temple
  4056 | D:5      | Entered Level 5 of the Dungeon
  4121 | D:5      | Found a shimmering altar of Xom.
  4246 | D:5      | Found an iron altar of Okawaru.
  4314 | D:5      | Found a stormy altar of Qazlal.
  4593 | D:5      | Found a radiant altar of Vehumet.
  4598 | D:5      | Found a shattered altar of Ashenzari.
  4704 | D:4      | Bought an uncursed ring of magical power for 280 gold
                  | pieces
  4849 | D:6      | Reached XP level 7. HP: 50/50 MP: 17/17
  4852 | D:6      | Reached skill level 5 in Spellcasting
  4859 | D:6      | Found an ornate altar of the Wu Jian Council.
  4925 | D:6      | Reached skill level 6 in Earth Magic
  4949 | D:6      | Found a glowing drain.
  4951 | Sewer    | Entered a sewer
  5118 | Sewer    | Slain by a river rat

Levels and vault maps discovered:
D:1:      dpeg_arrival_short_road, layout_basic, lemuel_another_geyser
D:2:      layout_loops_ring, uniq_natasha
D:3:      layout_loops_cross, zin_treasury, minmay_starry_boxes
D:4:      layout_basic, minmay_temple_entry_drinking_statues, serial_shops,
          shop, nicolae_shop_behind_doors, shop_coins, first_ration,
          nicolae_gozag_zags_fifth_avenue, uniq_menkaure
D:5:      layout_loops_corners, nicolae_dithmenos_through_a_glass_darkly,
          kennysheep_okawaru_gauntlet, nicolae_overflow_hidden_temple,
          fedhas_altar_fruit_tree, amethyst_overflow_temple_binary,
          xom_confusion_cloud
D:6:      layout_rooms, lemuel_round_altar, serial_shops, shop,
          gup_sewer_entry_bubbles, uniq_sigmund
Temple:   minmay_temple_curvy_loop
Sewer:    sewer_minmay_treatment

Skill      XL: |  1  2  3  4  5  6  7 |
---------------+----------------------+-----
Spellcasting   | 2 3 4 5 |  5.3
Earth Magic    | 3 4 5 6 |  6.1
Dodging        | |  1.7
Stealth        | |  1.7
Transmutations | |  0.8

Action                   |  1- 3 |  4- 6 |  7- 9 || total
-------------------------+-------+-------+-------++-------
Melee: Unarmed           |     9 |     5 |       ||    14
       Dagger            |       |    99 |    26 ||   125
 Cast: Sandblast         |    62 |    57 |    26 ||   145
       Passwall          |       |       |     2 ||     2
Evoke: Wand              |       |       |     4 ||     4
  Use: Scroll            |       |     8 |     2 ||    10
 Stab: Sleeping          |       |     4 |       ||     4
  Eat: Chunk             |     2 |     8 |       ||    10
       Ration            |       |     1 |       ||     1
Armor: Robe              |     3 |    21 |    11 ||    35
Dodge: Dodged            |    20 |    66 |    41 ||   127
